 Dungeon Crawl Stone Soup version 0.21.0-3-g78d12a8 (webtiles) character file.

464 magipi the Slasher (level 6, -5/73 HPs)
             Began as a Vampire Berserker on Jan 16, 2018.
             Was a Priest of Trog.
             Slain by Duvessa
             ... wielding a +2 rapier of speed
              (17 damage)
             ... on level 5 of the Dungeon.
             The game lasted 00:12:30 (3370 turns).

magipi the Slasher (Vampire Berserker)              Turns: 3370, Time: 00:12:31

Health: -5/73      AC:  8    Str: 23    XL:     6   Next: 80%
Magic:  6/6        EV: 11    Int:  9    God:    Trog [***...]
Gold:   153        SH:  0    Dex: 14    Spells: 5/5 levels left

rFire    . . .     SeeInvis +   a - +1 falchion
rCold    . . .     Gourm    .   (no shield)
rNeg     + . .     Faith    .   l - +0 scale mail
rPois    .         Spirit   .   (no helmet)
rElec    .         Reflect  .   (no cloak)
rCorr    .         Harm     .   f - +0 pair of gloves
MR       +....                  q - +0 pair of boots
Stlth    ..........             (no amulet)
HPRegen  0.22/turn              m - ring of protection from magic
MPRegen  0.10/turn              (no ring)

@: berserking, very quick
A: fangs 3, see invisible, unbreathing
a: Bat Form, Berserk, Trog's Hand, Burn Spellbooks, Renounce Religion


You were on level 5 of the Dungeon.
You worshipped Trog.
Trog was most pleased with you.
You were not thirsty.

You visited 1 branch of the dungeon, and saw 5 of its levels.

You collected 153 gold pieces.

Inventory:

Hand Weapons
 a - a +1 falchion (weapon)
Missiles
 o - a throwing net (quivered)
Armour
 f - a +0 pair of gloves (worn)
   (You found it on level 1 of the Dungeon)
 l - a +0 scale mail (worn)
   (You took it off Ijyb on level 5 of the Dungeon)
 q - a +0 pair of boots (worn)
   (You found it on level 3 of the Dungeon)
Jewellery
 m - a ring of protection from magic (left hand)
   (You found it on level 1 of the Dungeon)
Wands
 d - a wand of paralysis (15)
   (You took it off Ijyb on level 5 of the Dungeon)
 n - a wand of flame (26)
   (You found it on level 3 of the Dungeon)
 s - a wand of digging (20)
   (You found it on level 4 of the Dungeon)
Scrolls
 e - 2 scrolls of remove curse
 j - a scroll of fear
 p - a scroll of enchant weapon
Potions
 b - a potion of berserk rage {unknown}
 c - 11 potions of blood
 g - a potion of degeneration {unknown}
 h - 3 potions of curing
 k - 4 potions of brilliance
 r - a potion of heal wounds {unknown}


   Skills:
 + Level 4.5 Fighting
 * Level 6.6 Long Blades
 - Level 1.5 Armour
 - Level 2.1 Dodging


You had 5 spell levels left.
You didn't know any spells.

Dungeon Overview and Level Annotations

Branches:
Dungeon (5/15)
 Temple: D:4-7

Altars:
Qazlal
Ru

Annotations:
D:5 Duvessa


Innate Abilities, Weirdness & Mutations

You have razor-sharp teeth.
You have supernaturally acute eyesight. (SInv)
You can survive without breathing.


Message History

Things that are here:
a dagger of flaming; a scale mail; the goblin skeleton of Ijyb
l - a scale mail Wear which item? (? for menu, Esc to quit)
You start removing your armour.
You continue taking off your +0 ring mail. x4
You finish taking off your +0 ring mail.
You start putting on your armour.
You continue putting on your scale mail. x5
You finish putting on your +0 scale mail.
Unknown command.
Drop what? 19/52 slots (_ for help) (? for menu, Esc to quit)
You drop a +0 ring mail.
There is a stone staircase leading up here.
You start waiting.
You are feeling thirsty.
Yummy - fresh blood!
You start waiting.
You feel yourself speed up.
Okay, then.
Duvessa and Dowan come into view.
Duvessa is wielding a rapier of speed.
Duvessa shouts!
Dowan shouts!
Unknown command.
Put on which piece of jewellery? (? for menu, Esc to quit)
Okay, then.
Dowan casts a spell.
Dowan blinks!
You hit Duvessa but do no damage.
Duvessa hits you with a rapier of speed.
Duvessa closely misses you.
You hit Duvessa. Your bite misses Duvessa.
Duvessa is lightly wounded.
Duvessa hits you with a rapier of speed!
You barely miss Duvessa.
Duvessa is lightly wounded.
Duvessa closely misses you.
You riposte.
You completely miss Duvessa.
Duvessa is lightly wounded.
You hit Duvessa but do no damage.
Duvessa is lightly wounded.
Duvessa says, "My weaknesses are his strengths!"
Duvessa hits you but does no damage.
Dowan points at Duvessa and mumbles some strange words.
Duvessa seems to speed up.
You recover from your berserk rage.
Duvessa hits you with a rapier of speed.
You see here a +0 ring mail.
You hit Duvessa.
Duvessa is lightly wounded.
Duvessa barely misses you. x2; You riposte.
You slash Duvessa! Your bite misses Duvessa.
Duvessa is moderately wounded.
You hit Duvessa.
Duvessa is heavily wounded.
Duvessa completely misses you.
Duvessa hits you with a rapier of speed.
Unknown command.
You hit Duvessa but do no damage.
Duvessa is heavily wounded.
Duvessa hits you but does no damage.
A red film seems to cover your vision as you go berserk!
You feel yourself moving faster!
You feel mighty!
You feel a lot more thirsty. Duvessa closely misses you.
You riposte.
You hit Duvessa.
Duvessa is heavily wounded.
Duvessa barely misses you.
Dowan's robes are whipped around by a magical breeze.
You hit Duvessa.
Duvessa is heavily wounded.
Duvessa hits you with a rapier of speed.
You barely miss Duvessa.
Duvessa is heavily wounded.
Dowan barely misses you.
You riposte.
You slash Dowan!
Dowan is heavily wounded.
Duvessa hits you with a rapier of speed.
Unknown command.
You barely miss Duvessa.
Duvessa is heavily wounded.
Duvessa hits you with a rapier of speed.
Unknown command.
You hit Duvessa.
Duvessa is severely wounded.
Dowan barely misses you.
You riposte.
You slash Dowan! You bite Dowan.
You kill Dowan!
Trog accepts your kill.
Trog appreciates your killing of a magic user.
Duvessa weeps, then rights herself and shakes her weapon.
Duvessa goes berserk!
Duvessa hits you with a rapier of speed!
You slash Duvessa!
Duvessa is severely wounded.
Duvessa hits you with a rapier of speed!
* * * LOW HITPOINT WARNING * * *
Unknown command.
You closely miss Duvessa.
Duvessa is severely wounded.
Duvessa hits you with a rapier of speed.
* * * LOW HITPOINT WARNING * * *
You hit Duvessa.
Duvessa is severely wounded.
Duvessa hits you with a rapier of speed!
You die...

#.......# *,* *,,* *,,,
###.....## *.# *,,* *,**
#......## *.# *,,* *,*
#.#.#.## *.# *,,* *,* #.#.###
##.## *,,* *,* #.#.# ##...##
*,,* *,* #.#.#
#.....####*,****,** #.#.#
#.........,,,,,,,,* #.#.#
#)@...###.,,,,,,,,,
#.#.#######)e.......*,****,,,
#...........########*,,,,,,**
###.........#########,******
#########.....e....,*
###########**


You could see Duvessa (berserk).

Vanquished Creatures
  An ogre (D:5)
  Dowan (D:5)
  A hound (D:2)
  An iguana (D:3)
  Ijyb (D:5)
  8 gnolls
  5 adders
  6 oozes
  2 worms
  2 dart slugs
  4 leopard geckos
  4 orcs
  15 bats
  2 giant cockroaches
  10 goblins
  9 hobgoblins
  4 jackals (D:2)
  2 quokkas
  2 frilled lizards
  8 kobolds
  5 rats
93 creatures vanquished.

Notes
Turn   | Place    | Note
-------+----------+-------------------------------------------
     0 | D:1      | magipi the Vampire Berserker began the quest for the Orb.
     0 | D:1      | Reached XP level 1. HP: 17/17 MP: 1/1
    30 | D:1      | Reached XP level 2. HP: 8/23 MP: 2/2
   347 | D:1      | Reached XP level 3. HP: 28/29 MP: 3/3
   437 | D:1      | Reached skill level 4 in Long Blades
   612 | D:1      | Reached ** piety under Trog
   847 | D:2      | Reached XP level 4. HP: 35/35 MP: 4/4
  1378 | D:2      | Reached skill level 5 in Long Blades
  1426 | D:2      | Reached XP level 5. HP: 38/42 MP: 5/5
  1572 | D:2      | Found a stormy altar of Qazlal.
  2796 | D:4      | Reached *** piety under Trog
  2881 | D:4      | Reached XP level 6. HP: 35/48 MP: 6/6
  2978 | D:4      | Found a sacrificial altar of Ru.
  3193 | D:5      | Entered Level 5 of the Dungeon
  3199 | D:5      | Reached skill level 6 in Long Blades
  3304 | D:5      | Noticed Ijyb
  3310 | D:5      | Paralysed by Ijyb for 5 turns
  3321 | D:5      | Killed Ijyb
  3348 | D:5      | Noticed Duvessa
  3348 | D:5      | Noticed Dowan
  3367 | D:5      | Killed Dowan
  3370 | D:5      | Slain by Duvessa

Skill      XL: |  1  2  3  4  5  6 |
---------------+-------------------+-----
Fighting       | 3 4 |  4.5
Long Blades    | 4 5 6 |  6.6
Armour         | |  1.5
Dodging        | |  2.1

Action                   |  1- 3 |  4- 6 || total
-------------------------+-------+-------++-------
Melee: Falchion          |    84 |   229 ||   313
       Bite              |     8 |    22 ||    30
Invok: Berserk           |       |     6 ||     6
  Use: Potion            |       |     7 ||     7
       Scroll            |       |     7 ||     7
 Stab: Sleeping          |     1 |       ||     1
  Eat: Corpse            |       |     5 ||     5
Armor: Ring mail         |    28 |    74 ||   102
       Animal skin       |     3 |       ||     3
       Scale mail        |       |     2 ||     2
Dodge: Dodged            |    45 |   130 ||   175
       Rpst.: Falchion   |    17 |    44 ||    61

Action                   |  1- 3 |  4- 6 || total
-------------------------+-------+-------++-------
Melee: Falchion          |    84 |   229 ||   313
       Bite              |     8 |    22 ||    30
Invok: Berserk           |       |     6 ||     6
  Use: Potion            |       |     7 ||     7
       Scroll            |       |     7 ||     7
 Stab: Sleeping          |     1 |       ||     1
  Eat: Corpse            |       |     5 ||     5
Armor: Ring mail         |    28 |    74 ||   102
       Animal skin       |     3 |       ||     3
       Scale mail        |       |     2 ||     2
Dodge: Dodged            |    45 |   130 ||   175
       Rpst.: Falchion   |    17 |    44 ||    61
